 Dungeon Crawl Stone Soup version 0.29.1-15-g9cfb28693d (webtiles) character file.

Game seed: 408396383900392307

80 H0rd4k the Charlatan (level 4, -2/32 HPs)
             Began as a Human Artificer on Apr 24, 2023.
             Slain by Natasha (3 damage)
             ... on level 3 of the Dungeon.
             The game lasted 00:02:12 (4402 turns).

H0rd4k the Charlatan (Human Artificer)              Turns: 4402, Time: 00:02:14

Health: -2/32      AC: 10    Str: 12    XL:     4   Next: 65%
Magic:  4/4        EV: 11    Int: 14    God:
Gold:   93         SH:  0    Dex: 13    Spells: 3/3 levels left

rFire   . . .      SeeInvis .   o - +0 dagger (protect)
rCold   . . .      Faith    .   (no shield)
rNeg    . . .      Spirit   .   b - +0 leather armour
rPois   .          Reflect  .   (no helmet)
rElec   .          Harm     .   (no cloak)
rCorr   .          Rampage  .   (no gloves)
Will    .....                   (no boots)
Stlth   +.........              (no amulet)
HPRegen 0.10/turn               (no ring)
MPRegen 0.09/turn               (no ring)

@: under a protective aura, slowed, very slow
A: no striking features
a: no special abilities


You were on level 3 of the Dungeon.
You visited 1 branch of the dungeon, and saw 3 of its levels.

You collected 93 gold pieces.

Inventory:

Hand Weapons
 o - a +0 dagger of protection (weapon)
Armour
 b - a +0 leather armour (worn)
Magical Staves
 g - a staff of cold
Jewellery
 i - a ring of flight
 n - a +6 ring of intelligence
Wands
 c - a wand of flame (8) (quivered)
 d - a wand of charming (15)
 e - a wand of iceblast (5)
Scrolls
 a - a scroll of teleportation {unknown}
 f - a scroll of vulnerability {unknown}
 k - a scroll of fog {unknown}
 l - a scroll of identify {unknown}
Potions
 h - a potion of brilliance {unknown}
 j - a potion of cancellation {unknown}
 m - 2 potions of curing {unknown}


   Skills:
 + Level 1.6 Fighting
 + Level 1.9 Maces & Flails
 - Level 2.0 Armour
 + Level 1.3 Dodging
 + Level 1.4 Stealth
 + Level 4.0 Evocations


You had 3 spell levels left.
You didn't know any spells.
Your spell library was empty.

Dungeon Overview and Level Annotations

Branches:
Dungeon (3/15)

Altars:
Elyvilon

Annotations:
D:3 Natasha


Message History

Natasha closely misses you. Natasha claws you but does no damage.
You hit Natasha.
Natasha is severely wounded.
Natasha closely misses you.
You hit Natasha.
Natasha is almost dead.
Natasha howls an incantation.
You feel disoriented. Natasha claws you but does no damage.
Natasha stares at you and mumbles some strange words.
The magic dart hits you!
You hit Natasha but do no damage.
Natasha is almost dead.
Natasha claws you.
You completely miss Natasha.
Natasha is almost dead.
Natasha claws you!
Natasha howls an incantation.
Natasha shimmers violently.
Natasha casts a spell.
You hit Natasha but do no damage.
Natasha is almost dead.
Natasha misses you.
The crimson imp hits you but does no damage.
You barely miss Natasha.
Natasha is almost dead.
Natasha stares at you and mumbles some strange words.
You feel as though you will be slow longer.
The crimson imp blinks!
Natasha closely misses you.
You hit Natasha but do no damage.
Natasha is almost dead.
Natasha claws you.
* * * LOW HITPOINT WARNING * * *
You completely miss Natasha.
Natasha is almost dead.
Natasha stares at you and mumbles some strange words.
The magic dart hits you!
* * * LOW HITPOINT WARNING * * *
Natasha claws you.
You die...

############
#######..........#
.........>....##.#
######.#.#......#
..$#.#.#.#.####
#.#5#...#.# #
#h@.#<#.#.#
#.#######.###.#
#...†...†.....#
#########.#####
#.# #.# #.# #.#
#.#


You could see Natasha and a crimson imp (summoned).

Vanquished Creatures
  2 adders (D:2)
  2 worms (D:2)
  An orc (D:2)
  5 ball pythons
  3 endoplasms
  2 giant cockroaches
  7 goblins
  6 hobgoblins
  2 jackals (D:1)
  9 kobolds
  4 bats
  4 frilled lizards
  2 rats
49 creatures vanquished.

Notes
Turn   | Place    | Note
-------+----------+-------------------------------------------
     0 | D:1      | H0rd4k the Human Artificer began the quest for the Orb.
     0 | D:1      | Reached XP level 1. HP: 15/15 MP: 1/1
   269 | D:1      | Reached XP level 2. HP: 3/21 MP: 2/2
   570 | D:1      | Found a faded altar of an unknown god.
  1267 | D:1      | Reached XP level 3. HP: 16/26 MP: 3/3
  1625 | D:1      | Reached skill level 4 in Evocations
  2389 | D:2      | Reached skill level 1 in Maces & Flails
  2404 | D:2      | Reached XP level 4. HP: 8/32 MP: 4/4
  3420 | D:2      | Found a white marble altar of Elyvilon.
  4148 | D:2      | Identified the +1 short sword of Profit {vorpal, SInv}
  4389 | D:3      | Noticed Natasha
  4402 | D:3      | HP: 1/32 [Natasha/magic dart (8)]
  4402 | D:3      | Slain by Natasha

Illustrated notes

Levels and vault maps discovered:
D:1:      nicolae_arrival_washed_ashore, layout_loops_cross,
          shapermc_ecumenical_altar_mp_highgroup, minmay_three_crescents
D:2:      layout_loops_corners, basic_altar
D:3:      layout_basic, serial_shops, nicolae_shop_hallway_plus,
          nicolae_shop_overgrown_old_shop, shop, nicolae_shop_statue_plus,
          nicolae_shop_stone, uniq_natasha

Skill      XL: |  1  2  3 |
---------------+----------+-----
Evocations     | 4 |  4.0
Maces & Flails | 1 |  1.9
Fighting       | |  1.6
Armour         | |  2.0
Dodging        | |  1.3
Stealth        | |  1.4

Action                   |  1- 3 |  4- 6 || total
-------------------------+-------+-------++-------
Melee: Club              |   164 |    34 ||   198
       Punch             |     2 |     1 ||     3
       Dagger            |       |    99 ||    99
Evoke: Wand              |     4 |     3 ||     7
 Stab: Sleeping          |     1 |     3 ||     4
Armor: Leather armour    |    54 |    37 ||    91
Dodge: Dodged            |   109 |    75 ||   184
